cohdb
Replays
Latest Replays
All Replays
Popular Replays
Top Player Replays
Match Explorer
How It Works
Community
CoH3 Stats
Reddit
Sign in to upload your games and track your stats! →
Sign in with Steam
Match 41460248
Unlisted
Match 41460248
Overview
Messages
Build Orders
End
Construct Weapon Support Center
Selects Special Operations Battlegroup
M1919 Machine Gun Team
M1919 Machine Gun Team
Bazooka Squad
Construct Barracks
Riflemen Squad
Selects Raiding Flares
Construct Medical Station
Riflemen Squad
Raiding Flares
Infantry Support Center
Selects SSF Commando Squad
SSF Commando Squad
M1918 Browning Automatic Rifles
Advanced Logistics
SSF Commando Squad
Raiding Flares
Selects Assault Operation
Selects M29 Weasel with M1 Pack Howitzer
SSF Commando Squad
Raiding Flares
Survival Training
Munitions Surplus
Selects Mark Vehicle
Grenade Package
Improved M9 Bazooka Rockets
Raiding Flares
Selects UNKNOWN (2162291)
Raiding Flares
Mark Vehicle
Construct Tank Depot
Raiding Flares
jackal2150
Elder-Gyattson
GuggaJugs
Lyanae
엔셀라
Cleopatra
0
0
Comments
sign in to comment!
No comments posted yet!